 Dungeon Crawl Stone Soup version 0.28-a0-265-g048bc9fd10 (webtiles) character file.

Game seed: 14389229183027477575

135 theanonym the Sneak (level 4, -6/37 HPs)
             Began as a Mummy Delver on Aug 27, 2021.
             Mangled by an ogre (8 damage)
             ... on level 4 of the Dungeon.
             The game lasted 00:04:35 (3642 turns).

theanonym the Sneak (Mummy Delver)                  Turns: 3642, Time: 00:04:36

Health: -6/37      AC: 12    Str: 16    XL:     4   Next: 97%
Magic:  4/4        EV:  5    Int:  9    God:
Gold:   106        SH:  0    Dex: 13    Spells: 3/3 levels left

rFire   x . .      SeeInvis .   a - +0 hand axe
rCold   + . .      Faith    .   (no shield)
rNeg    + + +      Spirit   .   n - +0 plate armour
rPois   ∞          Reflect  .   (no helmet)
rElec   .          Harm     .   p - +0 cloak
rCorr   .          Rampage  .   r - +0 pair of gloves
Will    .....                   (no boots)
Stlth   ..........              (no amulet)
HPRegen 0.12/turn               (no ring)
MPRegen 0.09/turn               (no ring)

@: no status effects
A: cold resistance 1, negative energy resistance 3, torment resistance 2, heat
vulnerability 1, no potions
a: no special abilities


Innate Abilities, Weirdness & Mutations

You are immune to poison.
Your flesh is cold resistant. (rC+)
You are immune to negative energy. (rN+++)
You are immune to unholy pain and torment.
You are vulnerable to heat. (rF-)
You do not drink.


   Skills:
 + Level 3.8 Fighting
 * Level 3.2 Axes
 + Level 1.6 Armour
 - Level 1.5 Dodging
 - Level 4.1 Stealth


You had 3 spell levels left.
You didn't know any spells.
Your spell library contained the following spells:

 Spells                   Type           Power      Damage    Failure   Level
 Corpse Rot               Necr/Air       N/A        N/A       100%        2
 Poisonous Vapours        Pois/Air       0%         N/A       100%        2
 Freezing Cloud           Conj/Ice/Air   0%         6-21      100%        5

Skill      XL: |  1  2  3  4 |
---------------+-------------+-----
Axes           | 2 3 |  3.2
Armour         | 1 |  1.6
Fighting       | |  3.8
Dodging        | |  1.5
Stealth        | |  4.1

Action                   |  1- 3 |  4- 6 || total
-------------------------+-------+-------++-------
Melee: Hand axe          |   143 |    89 ||   232
  Use: Scroll            |       |     2 ||     2
Armor: Ring mail         |    12 |       ||    12
       Chain mail        |   137 |       ||   137
       Plate armour      |       |    67 ||    67
Dodge: Dodged            |   101 |    27 ||   128

Inventory:

Hand Weapons
 a - a +0 hand axe (weapon)
Missiles
 o - 27 poisoned darts (quivered)
Armour
 n - a +0 plate armour (worn)
 p - a +0 cloak (worn)
 r - a +0 pair of gloves (worn)
Magical Staves
 s - a staff of death
Wands
 c - a wand of digging (3)
Scrolls
 d - a scroll of immolation
 e - a scroll of fear
 f - a scroll of fog
 h - a scroll of blinking {unknown}
 i - a scroll of silence {unknown}
 k - a scroll of enchant weapon {unknown}
 l - a scroll of enchant armour {unknown}
 m - a scroll of amnesia {unknown}
 q - a scroll of identify {unknown}
 t - a scroll of teleportation
 y - 2 scrolls of magic mapping


You were on level 4 of the Dungeon.
You visited 2 branches of the dungeon, and saw 6 of its levels.

You collected 106 gold pieces.

Dungeon Overview and Level Annotations

Branches:
Dungeon (5/15)             Temple (1/1) D:4

Altars:
Cheibriados
Hepliaklqana
Kikubaaqudgha
Makhleb
Nemelex Xobeh
Okawaru
Qazlal
Sif Muna
Trog
Uskayaw
Wu Jian
Xom

Shops:
D:1 (   D:4 *

Annotations:
D:3 1 runed translucent door, MoonlitKnight's ghost, amateur MfGl

##.##.....##..####...###+##..###
##.#.#.#..##...........'∩'...#
.#..###...#....###.....#'#...#
#..## ##...# #.###.#.###.#...#
##..###....# #.......# #.....#
#..<#.#.#.###..##.#.........#
##.##.##.##.....##.#######.#.#
#.###..#.#####..#...# #.#.#
..≈≈≈...........@...# #.#.#
.≈≈§≈≈..######.(#O..# #
≈≈§≈§≈≈.# #...#.<.#### ≈§≈>≈§§##
#..?.......... ≈≈≈≈§≈≈##
#...#...#####. .≈≈≈≈≈..#
######.## ..§§≈...# #.#
.#####..# #.# ....##.## #.#


You could see an ogre.

Notes
Turn   | Place    | Note
-------+----------+-------------------------------------------
     0 | D:5      | theanonym the Mummy Delver began the quest for the Orb.
     0 | D:5      | Reached XP level 1. HP: 18/18 MP: 1/1
    66 | D:4      | Found Tigysy's Assorted Antiques.
   307 | D:3      | Reached skill level 2 in Axes
   307 | D:3      | Reached XP level 2. HP: 20/24 MP: 2/2
   750 | D:1      | Reached XP level 3. HP: 18/29 MP: 3/3
   877 | D:1      | Found Turie's Weapon Boutique.
   911 | D:1      | Reached skill level 1 in Armour
  1493 | D:1      | You fall into a shaft and drop 1 floor!
  1501 | D:2      | Reached XP level 4. HP: 31/35 MP: 4/4
  1850 | D:1      | Found a faded altar of an unknown god.
  2562 | D:2      | Reached skill level 3 in Axes
  2966 | D:3      | Found a runed translucent door.
  2970 | D:3      | Noticed MoonlitKnight's ghost (amateur MfGl)
  3210 | D:4      | Noticed an ogre
  3247 | D:4      | Found a staircase to the Ecumenical Temple.
  3254 | Temple   | Entered the Ecumenical Temple
  3357 | D:4      | HP: 17/37 [ogre (20)]
  3624 | D:4      | HP: 10/37 [ogre (27)]
  3638 | D:4      | HP: 1/37 [ogre (11)]
  3642 | D:4      | Mangled by an ogre

Vanquished Creatures
  A hound (D:4)
  An adder (D:2)
  An adder skeleton (D:2)
  2 worms (D:2)
  2 dart slugs
  An orc (D:3)
  4 ball pythons
  A bat (D:2)
  6 endoplasms
  2 giant cockroaches (D:2)
  7 goblins
  6 hobgoblins
  16 jackals (D:1)
  6 kobolds
  3 quokkas (D:3)
  3 frilled lizards
  15 rats
77 creatures vanquished.

Table legend: (Time is in decaauts)
 A = Elapsed time spent in this place.
 B = Non-inter-level travel time spent in this place.
 C = Inter-level travel time spent in this place.
 D = Time resting spent in this place.
 E = Time spent auto-exploring this place.
 F = Levels seen in this place.
 G = Mean time per level.
                   A        B        C        D        E       F      G
               +--------+--------+--------+--------+--------+-----+--------+
         Total |   3692 |   3462 |    230 |    640 |   2202 |   6 |  615.3 |
       Dungeon |   3690 |   3461 |    229 |    640 |   2202 |   5 |  738.0 |
        Temple |      1 |      0 |      1 |      0 |      0 |   1 |    1.0 |
               +--------+--------+--------+--------+--------+-----+--------+

Top non-repeatable levels by time:
     D:1: 1437 daAuts
     D:2: 1054 daAuts
     D:3: 844 daAuts
     D:4: 312 daAuts
     D:5: 42 daAuts
  Temple: 1 daAuts
